[Event "Titled Tuesday Blitz April 19 Late 2022"]
[White "Abdrlauf, Elham"]
[Black "Koc, Przemyslaw"]
[WhiteFideId "1533533"]
[BlackFideId "1109081"]
[WhiteElo "2334"]
[BlackElo "2141"]
[Result "1-0"]
[Round "01"]
[TimeControl "180+1"]
[Date "2022.04.19"]
[WhiteClock "0:00:38"]
[BlackClock "0:00:03"]

1. e4 c5 2. Nf3 Nf6 3. Nc3 d5 4. exd5 Nxd5 5. Bb5+ Nc6 6. O-O Nxc3 7. bxc3 Bd7 8. Rb1 e6 9. d4 cxd4 10. cxd4 a6 11. Bd3 Nb4 12. Be4 Bc6 13. Bxc6+ bxc6 14. Bd2 a5 15. c3 Nd5 16. Qa4 Qc7 17. c4 Nb6 18. Qb3 Nd7 19. Qb7 Qxb7 20. Rxb7 Bb4 21. Bxb4 axb4 22. Rxb4 O-O 23. a4 Ra7 24. Ra1 Rfa8 25. c5 f6 26. g3 e5 27. dxe5 fxe5 28. Rc4 Ra5 29. Re1 Rxc5 30. Rxc5 Nxc5 31. Nxe5 Nxa4 32. Nxc6 Ra6 33. Nd8 h6 34. Ne6 Nc3 35. Nf4 Ra2 36. Kg2 Rd2 37. Re3 Nd5 38. Nxd5 Rxd5 39. h4 Kh7 40. Re6 h5 41. Kf3 Kg8 42. Ke4 Rd2 43. f3 Rg2 44. Kf4 Kf7 45. Ra6 g6 46. Ra7+ Kf6 47. Rb7 Rg1 48. Rb6+ Kf7 49. g4 hxg4 50. fxg4 Rc1 51. Kg5 Rc5+ 52. Kh6 g5 53. hxg5 Rc1 54. g6+ Ke7 55. g7 Rh1+ 56. Kg6 Rg1 57. g5 1-0


[Site "https://www.chess.com"]

[Event "Titled Tuesday Blitz April 19 Late 2022"]
[White "Ahmadzada, Ahmad"]
[Black "Golubev, Mikhail"]
[WhiteFideId "13413007"]
[BlackFideId "14100983"]
[WhiteElo "2228"]
[BlackElo "2374"]
[Result "1-0"]
[Round "01"]
[TimeControl "180+1"]
[Date "2022.04.19"]
[WhiteClock "0:02:01"]
[BlackClock "0:00:48"]

1. Nf3 d6 2. e4 c5 3. Nc3 Nc6 4. Bb5 Bd7 5. O-O Nf6 6. Re1 e5 7. Nd5 Nxd5 8. exd5 Ne7 9. Bxd7+ Qxd7 10. c4 g6 11. d4 cxd4 12. Nxd4 exd4 13. Qxd4 Rg8 14. Bg5 O-O-O 15. Qxa7 Kc7 16. c5 Nc8 17. cxd6+ Qxd6 18. Rac1+ 1-0


[Site "https://www.chess.com"]

[Event "Titled Tuesday Blitz April 19 Late 2022"]
[White "Alekseenko, Kirill"]
[Black "Skliarov, Viktor"]
[WhiteFideId "4135539"]
[BlackFideId "14106736"]
[WhiteElo "2682"]
[BlackElo "2229"]
[Result "1-0"]
[Round "01"]
[TimeControl "180+1"]
[Date "2022.04.19"]
[WhiteClock "0:00:08"]
[BlackClock "0:00:05"]

1. d4 Nf6 2. Nc3 d5 3. Bf4 e6 4. Nb5 Na6 5. e3 c6 6. Nc3 Nc7 7. Nf3 Be7 8. Bd3 O-O 9. O-O c5 10. dxc5 Bxc5 11. Ne5 Nd7 12. Qh5 f5 13. Rad1 Ne8 14. Nb5 Nef6 15. Qh4 a6 16. Nd4 Nxe5 17. Bxe5 Bd6 18. f4 Bxe5 19. fxe5 Ng4 20. Qg3 Qc7 21. Rf4 Bd7 22. Kh1 Nxe5 23. Rh4 Rac8 24. Qh3 Nxd3 25. cxd3 e5 26. Rxh7 Qc1 27. Rg1 Rf6 28. Rh8+ Kf7 29. Rxc8 Qxc8 30. Nf3 Qe8 31. d4 e4 32. Ne5+ Kg8 33. Qh4 Rh6 34. Qf4 Be6 35. Rc1 Qh5 36. h3 Qh4 37. Rc7 Qxf4 38. exf4 b5 39. Kg1 e3 40. Kf1 Rh4 41. Nd3 g5 42. Ke2 gxf4 43. Kf3 Bf7 44. Nxf4 Kf8 45. Kxe3 Rh6 46. Rc8+ Ke7 47. Ra8 Rc6 48. Ra7+ Kf8 49. Nd3 Rc2 50. g4 fxg4 51. hxg4 Rg2 52. Kf4 Bg6 53. Ne5 Be4 54. b4 Rxa2 55. Kg5 Rd2 56. Kf6 Kg8 57. g5 Rxd4 58. Ra8+ Kh7 59. Nf7 1-0


[Site "https://www.chess.com"]

[Event "Titled Tuesday Blitz April 19 Late 2022"]
[White "Al-Tarboush, Ward"]
[Black "Vasquez Schroeder, Rodrigo"]
[WhiteFideId "7601450"]
[BlackFideId "3400042"]
[WhiteElo "2276"]
[BlackElo "2561"]
[Result "0-1"]
[Round "01"]
[TimeControl "180+1"]
[Date "2022.04.19"]
[WhiteClock "0:00:02"]
[BlackClock "0:00:33"]

1. e4 c5 2. Nf3 d6 3. d4 cxd4 4. Nxd4 Nf6 5. Nc3 a6 6. h3 e6 7. g4 h6 8. Bg2 Be7 9. Be3 Nc6 10. Qe2 Nxd4 11. Bxd4 e5 12. Be3 Be6 13. O-O-O Rc8 14. f4 Rxc3 15. bxc3 Qa5 16. f5 Bxa2 17. Kd2 O-O 18. Ra1 Rc8 19. Qd3 d5 20. exd5 Rxc3 21. Qxc3 Bb4 22. Qxb4 Qxb4+ 23. Ke2 Bxd5 24. Bxd5 Nxd5 25. Bd2 Qc4+ 26. Kd1 Qd4 27. Ra3 e4 28. Kc1 e3 29. Ba5 b6 30. Rd1 Qe5 31. Be1 a5 32. Rdd3 Kh7 33. c4 Nf4 34. Rxe3 Qd4 35. Rac3 Ng2 36. Red3 Qg1 37. Rd1 Nxe1 38. Kd2 Qf2+ 39. Kc1 Qe2 40. Rd2 Qe5 41. Kb2 Nf3 42. Rd5 Qe2+ 43. Kb3 Nd2+ 44. Ka4 Nxc4 45. Rd8 Qb2 46. Rxc4 b5+ 47. Kxa5 bxc4 0-1


[Site "https://www.chess.com"]

[Event "Titled Tuesday Blitz April 19 Late 2022"]
[White "Ansh M Shah"]
[Black "Aldokhin, Ivan"]
[WhiteFideId "25033379"]
[BlackFideId "24115720"]
[WhiteElo "1819"]
[BlackElo "2231"]
[Result "0-1"]
[Round "01"]
[TimeControl "180+1"]
[Date "2022.04.19"]
[WhiteClock "0:01:30"]
[BlackClock "0:01:39"]

1. d4 Nf6 2. c4 g6 3. h4 Bg7 4. Nc3 d6 5. e4 O-O 6. Be2 Nc6 7. d5 Nb4 8. h5 e6 9. h6 Bh8 10. Bg5 Re8 11. Nf3 exd5 12. exd5 Bf5 13. O-O Qd7 14. Re1 Nc2 15. Nd4 Nxd4 16. Qxd4 Ne4 17. Qe3 Nxc3 0-1


[Site "https://www.chess.com"]

[Event "Titled Tuesday Blitz April 19 Late 2022"]
[White "Ardila, Oscar Humberto"]
[Black "Bilan, Danila"]
[WhiteFideId "4404742"]
[BlackFideId "24161918"]
[WhiteElo "1983"]
[BlackElo "2164"]
[Result "1/2-1/2"]
[Round "01"]
[TimeControl "180+1"]
[Date "2022.04.19"]
[WhiteClock "0:00:52"]
[BlackClock "0:00:04"]

1. d4 d5 2. c4 c6 3. cxd5 cxd5 4. Nc3 Nf6 5. Nf3 Nc6 6. Bf4 Bf5 7. e3 e6 8. Be2 Bd6 9. Bxd6 Qxd6 10. O-O O-O 11. Rc1 Rfc8 12. a3 Na5 13. b4 Nc4 14. Bxc4 Rxc4 15. Ne5 Rcc8 16. Nb5 Qb6 17. Qe2 Ne4 18. f3 Nd6 19. Nxd6 Qxd6 20. Qd2 Qa6 21. Rxc8+ Rxc8 22. Rc1 b6 23. Rc3 h6 24. Qc1 Rxc3 25. Qxc3 Qe2 26. h3 f6 27. Nd7 Qc4 28. Qd2 Qc7 29. e4 Bg6 30. Nxf6+ gxf6 31. Qxh6 Qg7 32. Qf4 dxe4 33. fxe4 Qe7 34. Qb8+ Kg7 35. Qf4 Qb7 36. e5 Qf7 37. Kh2 f5 38. Qh4 Kf8 39. Qd8+ Kg7 40. a4 Qb7 41. Qf6+ Kh7 42. Qxe6 Qe4 43. Qd7+ Kh6 44. e6 Qf4+ 45. Kg1 Qe3+ 46. Kh2 Qf4+ 47. Kg1 Qe3+ 48. Kh2 Qf4+ 1/2-1/2


[Site "https://www.chess.com"]

[Event "Titled Tuesday Blitz April 19 Late 2022"]
[White "Aroesti, Roee"]
[Black "Tsukerman, Julia"]
[WhiteFideId "2817144"]
[BlackFideId "2621649"]
[WhiteElo "2068"]
[BlackElo "2235"]
[Result "1-0"]
[Round "01"]
[TimeControl "180+1"]
[Date "2022.04.19"]
[WhiteClock "0:00:21"]
[BlackClock "0:00:17"]

1. e4 c5 2. Nf3 d6 3. d4 cxd4 4. Nxd4 Nf6 5. Nc3 a6 6. Bg5 e6 7. Qe2 Be7 8. f4 Qc7 9. O-O-O Nbd7 10. g4 Nc5 11. Bxf6 Bxf6 12. g5 Be7 13. h4 b5 14. a3 Bb7 15. Kb1 Rc8 16. f5 e5 17. Nb3 f6 18. Bh3 Rd8 19. Rhg1 Kd7 20. gxf6 gxf6 21. Rg7 Rdg8 22. Rdg1 Rxg7 23. Rxg7 Nxb3 24. cxb3 Qd8 25. Qh5 Qe8 26. Qh6 Qf8 27. b4 Kd8 28. Bg4 Rg8 29. Rxg8 Qxg8 30. Bh5 Bc6 31. Bg6 hxg6 32. fxg6 Bf8 33. Qh5 Be8 34. Nd5 Qxg6 35. Qe2 Be7 36. Qe3 Kd7 37. Qa7+ Kc6 38. Qc7# 1-0


[Site "https://www.chess.com"]

[Event "Titled Tuesday Blitz April 19 Late 2022"]
[White "Avramidou, Anastasia"]
[Black "Indjic, Aleksandar"]
[WhiteFideId "4239873"]
[BlackFideId "911925"]
[WhiteElo "2183"]
[BlackElo "2616"]
[Result "1-0"]
[Round "01"]
[TimeControl "180+1"]
[Date "2022.04.19"]
[WhiteClock "0:00:19"]
[BlackClock "0:00:05"]

1. d4 d5 2. c4 dxc4 3. Nf3 Nf6 4. e3 Bg4 5. Bxc4 e6 6. h3 Bh5 7. Nc3 a6 8. Be2 Nc6 9. Qb3 Rb8 10. O-O Bd6 11. Rd1 O-O 12. e4 Bxf3 13. Bxf3 e5 14. dxe5 Nxe5 15. Be2 Ng6 16. Bg5 h6 17. Be3 Qe7 18. Bf3 Nh4 19. Nd5 Nxf3+ 20. gxf3 Qe6 21. Nxf6+ Qxf6 22. Bd4 Qf4 23. Kf1 Kh7 24. Ke2 f5 25. Rg1 g5 26. Be3 Qe5 27. Qc2 Rbe8 28. Rad1 fxe4 29. fxe4 Qxe4 30. Qxe4+ Rxe4 31. Rd3 Rfe8 32. Rb3 b5 33. Rc3 Rh4 34. Rh1 g4 35. Rc6 Rxh3 36. Rg1 h5 37. Rxa6 Bf4 38. Rc6 Bxe3 39. fxe3 1-0


[Site "https://www.chess.com"]

[Event "Titled Tuesday Blitz April 19 Late 2022"]
[White "Baches Garcia, Guillermo"]
[Black "Bluebaum, Matthias"]
[WhiteFideId "2209764"]
[BlackFideId "24651516"]
[WhiteElo "2507"]
[BlackElo "2550"]
[Result "0-1"]
[Round "01"]
[TimeControl "180+1"]
[Date "2022.04.19"]
[WhiteClock "0:00:03"]
[BlackClock "0:00:21"]

1. e4 c6 2. Nc3 d5 3. Nf3 dxe4 4. Nxe4 Nf6 5. Qe2 Nxe4 6. Qxe4 Nd7 7. d4 Nf6 8. Qf4 Nd5 9. Qd2 Bf5 10. Bd3 Bxd3 11. Qxd3 e6 12. O-O Bd6 13. c4 Ne7 14. b3 O-O 15. Bb2 Ng6 16. g3 Re8 17. Rad1 Qa5 18. a3 Rad8 19. b4 Qh5 20. Qe4 h6 21. Kg2 f5 22. Qe3 Bc7 23. Rd3 b5 24. cxb5 cxb5 25. Ne5 Bxe5 26. dxe5 Qg4 27. f4 Nh4+ 28. Kg1 Qh3 29. Rf2 Ng6 30. Rfd2 Rxd3 31. Rxd3 Rc8 32. Qd2 Kh7 33. Bd4 Rd8 34. Be3 Rxd3 35. Qxd3 Qg4 36. Kf2 Ne7 37. Bxa7 Nd5 38. Bc5 Qh3 39. Kg1 Nxf4 40. Qf3 Nd5 41. a4 bxa4 42. b5 f4 43. b6 Qf5 44. gxf4 Nxf4 45. b7 Qb1+ 46. Kf2 Nd3+ 47. Qxd3+ Qxd3 48. b8=Q Qc2+ 49. Kg3 Qxc5 50. Qd6 Qe3+ 51. Kg2 Qe4+ 52. Kg3 Qg6+ 53. Kf4 Qf5+ 54. Ke3 h5 55. Kd4 Qg4+ 56. Kc5 a3 57. Kc6 a2 58. Qxe6 Qxe6+ 0-1


[Site "https://www.chess.com"]

[Event "Titled Tuesday Blitz April 19 Late 2022"]
[White "Bachmann, Axel"]
[Black "Sjugirov, Sanan"]
[WhiteFideId "3700488"]
[BlackFideId "4189302"]
[WhiteElo "2587"]
[BlackElo "2602"]
[Result "0-1"]
[Round "01"]
[TimeControl "180+1"]
[Date "2022.04.19"]
[WhiteClock "0:00:01"]
[BlackClock "0:00:25"]

1. d4 Nf6 2. g3 c5 3. d5 d6 4. c4 g6 5. Nc3 Bg7 6. Nf3 O-O 7. Bg2 e6 8. O-O exd5 9. cxd5 Re8 10. Re1 Bf5 11. Nd2 a6 12. a4 Ng4 13. Nc4 Ne5 14. Nxe5 Bxe5 15. Bh6 Bc8 16. a5 Nd7 17. Ra4 Rb8 18. h4 b5 19. axb6 Qxb6 20. Ra2 Qb3 21. Qa1 Nb6 22. Ra3 Qb4 23. Rb1 Nc4 24. Ra4 Qb3 25. Ne4 Bf5 26. Qa2 Qxa2 27. Rxa2 Bg7 28. f3 Bxe4 29. fxe4 Bxh6 30. Rxa6 Bg7 31. b3 Nd2 32. Rd1 Nxe4 33. Rd3 f5 34. Bxe4 fxe4 35. Rd1 Be5 36. Rb6 Rxb6 0-1


[Site "https://www.chess.com"]

[Event "Titled Tuesday Blitz April 19 Late 2022"]
[White "Baker, Chris W"]
[Black "Lewtak, Damian"]
[WhiteFideId "401676"]
[BlackFideId "1141724"]
[WhiteElo "2228"]
[BlackElo "2362"]
[Result "1/2-1/2"]
[Round "01"]
[TimeControl "180+1"]
[Date "2022.04.19"]
[WhiteClock "0:00:19"]
[BlackClock "0:00:33"]

1. c4 g6 2. Nf3 Bg7 3. g3 e5 4. Nc3 f5 5. d3 Nf6 6. Nxe5 d6 7. Nf3 O-O 8. Bg2 Nc6 9. O-O Ne5 10. Bg5 h6 11. Bxf6 Bxf6 12. Qd2 Kh7 13. b3 c6 14. Rad1 Qa5 15. Ne4 Qxd2 16. Nxf6+ Rxf6 17. Rxd2 Nf7 18. e3 Bd7 19. d4 a5 20. a4 g5 21. Rc1 g4 22. Ne1 Ng5 23. Nd3 Re8 24. Nf4 Bc8 25. Rb2 Ne6 26. Nxe6 Rfxe6 27. b4 axb4 28. Rxb4 R6e7 29. Rb6 Kg7 30. a5 Rc7 31. Rcb1 Rd8 32. Bf1 c5 33. d5 Kf6 34. Bd3 h5 35. Bc2 Re7 36. Ba4 Ke5 37. Bb5 h4 38. a6 bxa6 39. Bxa6 Bxa6 40. Rxa6 h3 41. Kf1 Rdd7 42. Ke2 Rb7 43. Rbb6 Rxb6 44. Rxb6 Ra7 45. Rb2 Ra1 46. Kd3 Rd1+ 47. Ke2 Rh1 48. Rb8 Rxh2 49. Re8+ Kf6 50. Re6+ Kg5 51. Rxd6 Rh1 52. Rd8 Rc1 53. Rh8 Kf6 54. Rh6+ Ke7 55. e4 Rxc4 56. exf5 Re4+ 57. Kd3 Re5 58. Kc4 Rxf5 59. Kxc5 Rxf2 60. Rh7+ Kf6 61. d6 Rc2+ 62. Kd5 Rd2+ 63. Kc6 Ke5 64. d7 Ke4 65. Rh6 Rxd7 66. Kxd7 Kf3 67. Ke6 Kxg3 68. Kf5 h2 69. Rxh2 Kxh2 70. Kxg4 1/2-1/2


[Site "https://www.chess.com"]

[Event "Titled Tuesday Blitz April 19 Late 2022"]
[White "Beerdsen, Thomas"]
[Black "Wachinger, Guenther"]
[WhiteFideId "1030108"]
[BlackFideId "4604261"]
[WhiteElo "2585"]
[BlackElo "2212"]
[Result "1-0"]
[Round "01"]
[TimeControl "180+1"]
[Date "2022.04.19"]
[WhiteClock "0:02:04"]
[BlackClock "0:01:13"]

1. e4 c5 2. Nf3 d6 3. d4 cxd4 4. Nxd4 Nf6 5. Nc3 g6 6. h3 Bg7 7. Nf3 O-O 8. Bc4 Nc6 9. O-O Bd7 10. Bg5 Rc8 11. Qe2 a6 12. Rad1 b5 13. Bb3 h6 14. Bh4 g5 15. Bg3 Nh5 16. Bh2 Nf4 17. Bxf4 gxf4 18. Nd5 Ne5 19. Nxf4 Nxf3+ 20. Qxf3 Bxb2 21. Ng6 Be6 22. Bxe6 fxe6 23. Qg4 Rf6 24. e5 h5 25. Qxh5 Rf5 26. Qh8+ Kf7 27. Qh7+ Ke8 28. exd6 exd6 29. Rfe1 Qf6 30. Rxd6 1-0


[Site "https://www.chess.com"]

[Event "Titled Tuesday Blitz April 19 Late 2022"]
[White "Bibasa, Bob"]
[Black "Kamsky, Gata"]
[WhiteFideId "10000240"]
[BlackFideId "2000024"]
[WhiteElo "2056"]
[BlackElo "2645"]
[Result "1/2-1/2"]
[Round "01"]
[TimeControl "180+1"]
[Date "2022.04.19"]
[WhiteClock "0:00:13"]
[BlackClock "0:00:18"]

1. e4 e5 2. Nf3 Nc6 3. Bc4 Nf6 4. d3 h6 5. O-O d6 6. c3 g6 7. Re1 Bg7 8. d4 O-O 9. Nbd2 exd4 10. cxd4 d5 11. exd5 Nxd5 12. Ne4 Bg4 13. Be3 Nb6 14. Bb3 Na5 15. Bc2 Nac4 16. b3 Nxe3 17. fxe3 Nd5 18. Rc1 c6 19. Nf2 Be6 20. Qd2 Qb6 21. Nd3 Rad8 22. Qf2 Nb4 23. Bb1 Nxd3 24. Bxd3 Rfe8 25. Bc4 Bd5 26. Kh1 Qc7 27. Bxd5 Rxd5 28. e4 Rd7 29. d5 Rde7 30. dxc6 bxc6 31. Qc2 Qf4 32. Qxc6 g5 33. Rcd1 g4 34. Nh4 Re6 35. Qd5 Re5 36. Qd3 Rxe4 37. Rf1 Qe3 38. Nf5 Qxd3 39. Rxd3 Re1 40. Rd1 Rxf1+ 41. Rxf1 Re2 42. h3 gxh3 43. gxh3 Bf8 44. Rg1+ Kh7 45. Rg2 Re5 46. Ng3 Bc5 47. Rc2 f5 48. Kg2 Kg6 49. Kf3 Kg5 50. Rc4 Re3+ 51. Kg2 Bd6 52. h4+ Kf6 53. Nf1 Re2+ 54. Kf3 Rxa2 55. Ne3 Rh2 56. Rc6 Rh3+ 57. Ke2 Ke6 58. Nc4 Rxb3 59. Rxd6+ Ke7 60. Rxh6 Rb4 61. Ne5 Re4+ 62. Kf3 Rxe5 63. Rh7+ Kf6 64. Rxa7 Kg6 65. Ra6+ Kh5 66. Kf4 Rc5 67. Rf6 Rc4+ 68. Kxf5 Kxh4 69. Rh6+ Kg3 70. Rg6+ Kf3 71. Ke5 Rg4 72. Rxg4 Kxg4 1/2-1/2


[Site "https://www.chess.com"]

[Event "Titled Tuesday Blitz April 19 Late 2022"]
[White "Bilych, Olexiy"]
[Black "Aigner, Michael"]
[WhiteFideId "14156504"]
[BlackFideId "2017288"]
[WhiteElo "2176"]
[BlackElo "2407"]
[Result "1-0"]
[Round "01"]
[TimeControl "180+1"]
[Date "2022.04.19"]
[WhiteClock "0:00:29"]
[BlackClock "0:00:07"]

1. e4 c5 2. Nf3 Nc6 3. d4 cxd4 4. Nxd4 g6 5. c4 Bg7 6. Be3 Nf6 7. Nc3 Ng4 8. Qxg4 Nxd4 9. Qd1 Ne6 10. Rc1 Qa5 11. Bd3 b6 12. O-O Bb7 13. Bb1 d6 14. Qe2 O-O 15. Rfd1 Rac8 16. a3 Rfe8 17. Nd5 Bxd5 18. exd5 Nf8 19. h4 Nd7 20. h5 Nf6 21. hxg6 hxg6 22. g3 Qa4 23. Kg2 Qd7 24. Rd4 e5 25. Rh4 e4 26. Rch1 Qf5 27. b3 b5 28. cxb5 Rc3 29. Rf4 Qxd5 30. Rd1 Qxb3 31. Bd4 Rd3 32. Bxd3 exd3 33. Qxd3 Qxd3 34. Rxd3 Re6 35. Bxa7 Nd7 36. Bd4 Bf8 37. Re3 1-0


[Site "https://www.chess.com"]

[Event "Titled Tuesday Blitz April 19 Late 2022"]
[White "Bordi, Kevin"]
[Black "Zherebtsova, Alexandra"]
[WhiteFideId "621862"]
[BlackFideId "24129518"]
[WhiteElo "2708"]
[BlackElo "2025"]
[Result "1-0"]
[Round "01"]
[TimeControl "180+1"]
[Date "2022.04.19"]
[WhiteClock "0:02:07"]
[BlackClock "0:01:04"]

1. e4 e5 2. Nf3 Nc6 3. d4 exd4 4. Nxd4 Bb4+ 5. c3 Bc5 6. Be3 Bb6 7. Nf5 Bxe3 8. Nxe3 Nge7 9. c4 d6 10. Nc3 O-O 11. Be2 f5 12. exf5 Nxf5 13. Nxf5 Bxf5 14. O-O Qh4 15. Nd5 Rac8 16. g3 Qg5 17. f4 Qg6 18. b4 Rfe8 19. Bh5 Qh6 20. Bxe8 Rxe8 21. Re1 Rf8 22. b5 Nd8 23. Nxc7 Qh3 24. Qxd6 Bg4 25. Re3 Nf7 26. Qxf8+ Kxf8 27. Re8# 1-0


[Site "https://www.chess.com"]

[Event "Titled Tuesday Blitz April 19 Late 2022"]
[White "Bortnyk, Olexandr"]
[Black "Adewumi, Tanitoluwa"]
[WhiteFideId "14120828"]
[BlackFideId "30966396"]
[WhiteElo "2723"]
[BlackElo "2524"]
[Result "1-0"]
[Round "01"]
[TimeControl "180+1"]
[Date "2022.04.19"]
[WhiteClock "0:00:18"]
[BlackClock "0:00:10"]

1. d4 Nf6 2. Nc3 d5 3. Bf4 a6 4. e3 Bf5 5. Nf3 e6 6. Ne5 h5 7. Bd3 Bxd3 8. cxd3 Nbd7 9. Qb3 b5 10. a4 Nxe5 11. dxe5 Nd7 12. axb5 Nc5 13. Qd1 d4 14. exd4 Qxd4 15. Be3 Qxd3 16. Qxd3 Nxd3+ 17. Ke2 Nb4 18. bxa6 Kd7 19. Rhd1+ Kc8 20. a7 Nc2 21. Ra5 Bb4 22. Ra4 Nxe3 23. fxe3 Bc5 24. Nb5 f6 25. exf6 gxf6 26. Rc4 Bb6 27. Nd6+ Kd7 28. Nf7+ Ke7 29. Nxh8 Rxh8 30. Ra4 Ra8 31. g3 Rxa7 32. Rxa7 Bxa7 33. b4 f5 34. Ra1 Bb6 35. Ra8 Kf6 36. Kf3 Kg6 37. Kf4 Kf6 38. Rh8 e5+ 39. Kf3 Kg6 40. e4 fxe4+ 41. Kxe4 Bg1 42. h3 Bh2 43. b5 Bxg3 44. Rg8+ 1-0


[Site "https://www.chess.com"]

[Event "Titled Tuesday Blitz April 19 Late 2022"]
[White "Bowden, Karl"]
[Black "Suder, Jakub"]
[WhiteFideId "400548"]
[BlackFideId "1195310"]
[WhiteElo "2325"]
[BlackElo "2058"]
[Result "1-0"]
[Round "01"]
[TimeControl "180+1"]
[Date "2022.04.19"]
[WhiteClock "0:00:10"]
[BlackClock "0:00:12"]

1. e4 c5 2. c3 g6 3. d4 cxd4 4. cxd4 d5 5. exd5 Nf6 6. Bb5+ Nbd7 7. Nc3 Bg7 8. d6 exd6 9. Qe2+ Kf8 10. Bf4 Nb6 11. Nf3 Nfd5 12. Bg5 Bf6 13. Bh6+ Bg7 14. Bg5 f6 15. Bd2 a6 16. Bd3 Kf7 17. Nxd5 Nxd5 18. Bc4 Be6 19. O-O Re8 20. Rfe1 Nc7 21. Ba5 d5 22. Bb3 Rc8 23. Rac1 Qd7 24. Bxc7 Rxc7 25. Rxc7 Qxc7 26. Bxd5 Qd7 27. Bxe6+ Rxe6 28. Qc4 Qc6 29. Qb3 Qd7 30. Kf1 Ke7 31. Rxe6+ Qxe6 32. Qxb7+ Kf8 33. Qb3 Qc6 34. Qc3 Qe6 35. b3 Bh6 36. Qc5+ Ke8 37. Qc4 Qf5 38. Qc6+ Kf7 39. g3 Qb1+ 40. Kg2 Qxa2 41. Qd7+ Kg8 42. Qe6+ Kg7 43. Qe7+ Kg8 44. d5 Bf8 45. Qe6+ Kg7 46. d6 Qa5 47. d7 Qd8 48. Qe8 Be7 49. Nd4 f5 50. Ne6+ 1-0


[Site "https://www.chess.com"]

[Event "Titled Tuesday Blitz April 19 Late 2022"]
[White "Buchenau, Frank"]
[Black "Gledura, Benjamin"]
[WhiteFideId "4604350"]
[BlackFideId "712779"]
[WhiteElo "2193"]
[BlackElo "2326"]
[Result "0-1"]
[Round "01"]
[TimeControl "180+1"]
[Date "2022.04.19"]
[WhiteClock "0:00:02"]
[BlackClock "0:01:43"]

1. e4 c5 2. Nf3 g6 3. c3 Bg7 4. d4 cxd4 5. cxd4 d5 6. e5 Bd7 7. Nc3 e6 8. Bg5 Qb6 9. Qd2 f6 10. exf6 Nxf6 11. Bd3 O-O 12. O-O Nc6 13. Na4 Qb4 14. Qxb4 Nxb4 15. Nc5 Nxd3 16. Nxd3 Ne4 17. Be3 Bb5 18. Rfd1 Rac8 19. Nde5 Be2 20. Rdc1 Bxf3 21. Nxf3 Nd6 22. Ng5 e5 23. Ne6 exd4 24. Bxd4 Bxd4 25. Nxd4 Rc4 26. Nf3 Ne4 27. Rxc4 dxc4 28. Re1 c3 29. bxc3 Nxc3 30. Re7 Rf7 31. Re8+ Kg7 32. a3 Nb5 33. a4 Nc3 34. a5 Rc7 35. h4 h6 36. Ra8 b5 37. axb6 axb6 38. Rb8 b5 39. Nd4 Rd7 40. Nxb5 Rd1+ 41. Kh2 Rb1 42. Rb7+ Kf6 43. Nd6 Rd1 44. Rb6 Nd5 45. Ra6 Ke7 46. Ne4 Re1 47. Ra7+ Ke6 48. f3 Nf4 49. Ra6+ Kd5 50. Kg3 Ne6 51. Ra5+ Kd4 52. Ra4+ Ke3 53. Ra6 Nf4 0-1


[Site "https://www.chess.com"]

[Event "Titled Tuesday Blitz April 19 Late 2022"]
[White "Burke, Paul"]
[Black "Martic, Ivan"]
[WhiteFideId "2605767"]
[BlackFideId "929301"]
[WhiteElo "1882"]
[BlackElo "2317"]
[Result "0-1"]
[Round "01"]
[TimeControl "180+1"]
[Date "2022.04.19"]
[WhiteClock "0:00:02"]
[BlackClock "0:00:11"]

1. e4 c5 2. d4 cxd4 3. c3 Nf6 4. e5 Nd5 5. Nf3 e6 6. Bd3 d6 7. cxd4 Nc6 8. O-O Be7 9. Nc3 Nxc3 10. bxc3 dxe5 11. dxe5 Qa5 12. Bf4 O-O 13. Qe2 Qa4 14. Bd2 Rd8 15. Rfd1 Bd7 16. c4 Be8 17. Qe4 g6 18. Bh6 Nb4 19. Be2 Bc6 20. Qf4 Qc2 21. Rxd8+ Rxd8 22. Re1 Qc3 23. Rc1 Qb2 24. Re1 Bxf3 25. Bxf3 Nd3 26. Qe3 Nxe1 27. Qxe1 Qb4 28. Qf1 Qa3 29. Bxb7 Qxa2 30. Bf3 Qc2 31. h3 Bc5 32. Bf4 Rb8 33. Kh2 Qxf2 34. Qd1 Qd4 35. Qxd4 Bxd4 36. Kg3 Rc8 37. Kg4 Rxc4 38. Kg3 Rb4 0-1


[Site "https://www.chess.com"]

[Event "Titled Tuesday Blitz April 19 Late 2022"]
[White "Carrasco Miranda, Andres"]
[Black "Pinheiro, Iung Alicio de O."]
[WhiteFideId "3405990"]
[BlackFideId "2104350"]
[WhiteElo "2177"]
[BlackElo "2582"]
[Result "0-1"]
[Round "01"]
[TimeControl "180+1"]
[Date "2022.04.19"]
[WhiteClock "0:00:24"]
[BlackClock "0:00:14"]

1. d4 Nf6 2. c4 g6 3. g3 Bg7 4. Bg2 d5 5. cxd5 Nxd5 6. Nc3 Nxc3 7. bxc3 O-O 8. Nf3 c5 9. O-O Nc6 10. Be3 Bf5 11. dxc5 Qa5 12. Qb3 Be4 13. Nd4 Bxg2 14. Kxg2 Qc7 15. Kg1 Rac8 16. Rab1 Na5 17. Qa4 a6 18. Rfc1 Rfd8 19. c6 b5 20. Qb4 e5 21. Nb3 Nc4 22. Bg5 f6 23. Bd2 Nxd2 24. Nxd2 Rxd2 25. c4 Rd4 26. e3 Rd6 27. cxb5 axb5 28. Qxb5 Rxc6 29. Rd1 Bf8 30. a4 Rc5 31. Qb3+ Qf7 32. Qb6 R5c6 33. Qb5 Rc5 34. Qb6 Rc2 35. Ra1 Ra2 36. a5 Rxa1 37. Rxa1 Ra8 38. a6 Kg7 39. h4 Qa7 40. Qc6 Rb8 41. Ra2 Rb6 42. Qxb6 Qxb6 43. a7 Qb1+ 44. Kh2 Qxa2 0-1


[Site "https://www.chess.com"]

[Event "Titled Tuesday Blitz April 19 Late 2022"]
[White "Chigaev, Maksim"]
[Black "Urbina Perez, Juan Antonio"]
[WhiteFideId "4108116"]
[BlackFideId "2217368"]
[WhiteElo "2478"]
[BlackElo "2192"]
[Result "1-0"]
[Round "01"]
[TimeControl "180+1"]
[Date "2022.04.19"]
[WhiteClock "0:01:17"]
[BlackClock "0:00:14"]

1. e4 c5 2. Nf3 d6 3. d4 cxd4 4. Nxd4 Nf6 5. Nc3 Nc6 6. Bg5 a6 7. Qd3 e6 8. O-O-O Bd7 9. Qg3 Nxd4 10. Rxd4 Qc7 11. Rc4 Qb6 12. Be2 h6 13. Be3 Qd8 14. Rd1 Rc8 15. f3 b5 16. Rxc8 Qxc8 17. a3 Qc7 18. Bd4 Nh5 19. Qh4 Nf6 20. g4 Rg8 21. Qg3 Be7 22. h4 Kd8 23. e5 Ne8 24. f4 Kc8 25. g5 hxg5 26. hxg5 g6 27. Rd3 Kb8 28. Ne4 d5 29. Rc3 Qb7 30. Nc5 Qc6 31. a4 Nc7 32. axb5 Nxb5 33. Bxb5 axb5 34. Qd3 Bxc5 35. Rxc5 Qb7 36. Qh3 Rc8 37. b4 Rxc5 38. Bxc5 Qc8 39. Kd2 Qe8 40. Qa3 Bc6 41. Qa7+ Kc8 42. Bd6 1-0


[Site "https://www.chess.com"]

[Event "Titled Tuesday Blitz April 19 Late 2022"]
[White "Constantinou, Peter"]
[Black "Saraci, Nderim"]
[WhiteFideId "413038"]
[BlackFideId "6351921"]
[WhiteElo "2230"]
[BlackElo "2553"]
[Result "1-0"]
[Round "01"]
[TimeControl "180+1"]
[Date "2022.04.19"]
[WhiteClock "0:00:21"]
[BlackClock "0:00:07"]

1. e4 c5 2. Nf3 Nc6 3. Bb5 g6 4. O-O Bg7 5. Bxc6 dxc6 6. d3 Nf6 7. h3 O-O 8. Be3 c4 9. Nc3 cxd3 10. cxd3 b6 11. d4 Nd7 12. Re1 e5 13. dxe5 Nxe5 14. Nxe5 Bxe5 15. f4 Bg7 16. e5 Be6 17. Qf3 Qc7 18. g4 Rfd8 19. Rad1 f5 20. exf6 Bxf6 21. f5 gxf5 22. gxf5 Bf7 23. Bf4 Qb7 24. Ne4 Bg7 25. Qg3 Rxd1 26. Rxd1 Bd5 27. Nd6 Qe7 28. Re1 Qf8 29. Be5 Kh8 30. Kh2 Bf6 31. Ne8 h6 32. Nxf6 1-0


[Site "https://www.chess.com"]

[Event "Titled Tuesday Blitz April 19 Late 2022"]
[White "D`Arruda, Ricardo D."]
[Black "Czopor, Maciej"]
[WhiteFideId "100692"]
[BlackFideId "21805431"]
[WhiteElo "2377"]
[BlackElo "1999"]
[Result "0-1"]
[Round "01"]
[TimeControl "180+1"]
[Date "2022.04.19"]
[WhiteClock "0:01:16"]
[BlackClock "0:00:29"]

1. Nf3 Nc6 2. d4 e6 3. Nc3 f5 4. d5 exd5 5. Nxd5 Nf6 6. Bg5 Be7 7. Nxe7 Qxe7 8. c3 d6 9. e3 h6 10. Bxf6 Qxf6 11. Bc4 Bd7 12. Qd5 O-O-O 13. Qf7 Rhf8 14. Qxf6 Rxf6 15. O-O g5 16. Rfe1 Re8 17. Rad1 a6 18. Bd5 Ne7 19. Bb3 Ng6 20. Nd4 Ne5 21. h3 c5 22. Ne2 Kc7 23. Ng3 Bc6 24. Bd5 Bxd5 25. Rxd5 f4 26. exf4 Nf3+ 27. gxf3 Rxe1+ 28. Kg2 gxf4 29. Nh5 Rg6+ 30. Kh2 Re2 31. Nxf4 Rxf2+ 32. Kh1 Rf6 33. Rxc5+ dxc5 34. Nd5+ Kc6 35. Nxf6 Rxf3 36. Ng4 Rxh3+ 37. Kg2 Rh5 0-1


[Site "https://www.chess.com"]